 Dungeon Crawl Stone Soup version 0.25.0-1-g7eea58d2a3 (webtiles) character file.

Game seed: 6337636629381562142

280 TitferTat the Cudgeler (level 6, 0/55 HPs)
             Began as a Minotaur Berserker on June 14, 2020.
             Was a Believer of Trog.
             Succumbed to a scorpion's poison
             ... on level 4 of the Dungeon.
             The game lasted 00:08:47 (2705 turns).

TitferTat the Cudgeler (Minotaur Berserker)         Turns: 2705, Time: 00:08:48

Health: 0/55       AC:  7    Str: 24    XL:     6   Next: 5%
Magic:  5/5        EV: 27    Int:  4    God:    Trog [**....]
Gold:   258        SH:  0    Dex:  9    Spells: 5/5 levels left

rFire    . . .     SeeInvis .   a - +0 mace
rCold    . . .     Gourm    .   (no shield)
rNeg     . . .     Faith    .   i - +0 ring mail
rPois    .         Spirit   .   (helmet restricted)
rElec    .         Reflect  .   (no cloak)
rCorr    +         Harm     .   g - +0 pair of gloves
MR       .....                  (no boots)
Stlth    +.........             q - amulet of the acrobat
HPRegen  0.18/turn              n - ring of resist corrosion
MPRegen  0.09/turn              (no ring)

@: lethally poisoned (0 -> -5), acrobat, flying, hasted, very quick
A: retaliatory headbutt, horns 2
a: Berserk, Trog's Hand, Renounce Religion


You were on level 4 of the Dungeon.
You worshipped Trog.
Trog was pleased with you.
You were very full.

You visited 1 branch of the dungeon, and saw 4 of its levels.

You collected 258 gold pieces.

Inventory:

Hand Weapons
 a - a +0 mace (weapon)
Armour
 g - a +0 pair of gloves (worn)
 i - a +0 ring mail (worn)
Jewellery
 n - a ring of resist corrosion (left hand)
 q - an amulet of the acrobat (around neck)
Scrolls
 b - a scroll of identify
 m - 2 scrolls of remove curse
Potions
 f - a potion of resistance
 h - 2 potions of ambrosia
 l - a potion of stabbing
 o - a potion of haste
 r - 2 potions of lignification
Comestibles
 c - 3 rations


   Skills:
 + Level 4.8 Fighting
 + Level 6.0 Maces & Flails
 + Level 4.1 Armour
 + Level 3.1 Dodging
 + Level 0.6 Stealth


You had 5 spell levels left.
You didn't know any spells.
Your spell library was empty.

Dungeon Overview and Level Annotations

Branches:
Dungeon (4/15)
 Temple: D:4-7

Altars:
Cheibriados
Nemelex Xobeh
Zin


Innate Abilities, Weirdness & Mutations

You reflexively headbutt those who attack you in melee.
You have a pair of horns on your head.


Message History

You feel sick.
* * * LOW HITPOINT WARNING * * *
You feel sick.
* * * LOW HITPOINT WARNING * * *
You feel sick.
Found 16 gold pieces.
* * * LOW HITPOINT WARNING * * *
You feel sick.
It was a potion of haste.
You feel yourself speed up.
* * * LOW HITPOINT WARNING * * *
You feel sick.
You open the door.
* * * LOW HITPOINT WARNING * * *
You feel sick.
There is an open door here.
It was a potion of flight.
You feel very buoyant.
You fly up into the air.
Okay, then.
You die...

######## #...# ........
#...# ........
#...#...............
#...#...............
#...#............... .
#...#............... ...
#...#...............
....###@#...... ........
...........############'
...........'.........#..
...........#.........#..
...........#.........'..
...........#.........#..
$..........#...#########
############...# ......


There were no monsters in sight!

Vanquished Creatures
  An ogre (D:4)
  A scorpion (D:4)
  A howler monkey (D:4)
  4 adders
  A worm (D:3)
  A leopard gecko (D:1)
  8 orcs (D:3)
  A ball python (D:2)
  3 giant cockroaches
  5 goblins
  12 hobgoblins
  3 jackals (D:3)
  A quokka (D:2)
  4 bats
  3 frilled lizards
  6 kobolds
  A quokka skeleton (D:2)
  8 rats
64 creatures vanquished.

Notes
Turn   | Place    | Note
-------+----------+-------------------------------------------
     0 | D:1      | TitferTat the Minotaur Berserker began the quest for the
                  | Orb.
     0 | D:1      | Reached XP level 1. HP: 19/19 MP: 0/0
   377 | D:1      | Reached XP level 2. HP: 26/27 MP: 1/1
   531 | D:1      | Reached skill level 4 in Maces & Flails
  1273 | D:2      | Reached XP level 3. HP: 33/33 MP: 2/2
  1454 | D:2      | Reached skill level 5 in Maces & Flails
  1569 | D:2      | Reached ** piety under Trog
  1910 | D:3      | Reached XP level 4. HP: 37/40 MP: 3/3
  1965 | D:3      | Found a sparkling altar of Nemelex Xobeh.
  2147 | D:3      | Found a glowing silver altar of Zin.
  2147 | D:3      | Found a snail-covered altar of Cheibriados.
  2631 | D:4      | Noticed an ogre
  2639 | D:4      | Killed an ogre
  2639 | D:4      | Reached XP level 5. HP: 22/47 MP: 4/4
  2691 | D:4      | Reached XP level 6. HP: 13/55 MP: 5/5
  2694 | D:4      | Reached skill level 6 in Maces & Flails
  2700 | D:4      | HP: 2/55 [poisoned by a scorpion]
  2705 | D:4      | Succumbed to a scorpion's poison

Illustrated notes

Levels and vault maps discovered:
D:1:      dpeg_arrival_stonehenge_8_columns, layout_basic
D:2:      layout_loops_ring
D:3:      layout_rooms, gammafunk_temple_overflow_wave, first_ration,
          nemelex_altar_shiori
D:4:      layout_gridville, serial_shops, shop

Skill      XL: |  1  2  3  4  5  6 |
---------------+-------------------+-----
Maces & Flails | 4 5 6 |  6.0
Fighting       | 4 |  4.8
Armour         | 3 4 |  4.1
Dodging        | 3 |  3.1
Stealth        | |  0.6

Action                   |  1- 3 |  4- 6 || total
-------------------------+-------+-------++-------
Melee: Mace              |    77 |    63 ||   140
       Headbutt          |    12 |    10 ||    22
  Use: Scroll            |     3 |     9 ||    12
       Potion            |       |     2 ||     2
  Eat: Ration            |     1 |     2 ||     3
       Chunk             |       |     2 ||     2
Armor: Animal skin       |     2 |       ||     2
       Ring mail         |    26 |    13 ||    39
Dodge: Dodged            |    46 |    52 ||    98
